Map: 애씨드 플랜트 - 래더

Players

SortOf

  • Race: Zerg Zerg
  • League: Master
  • Spawn Location: 11:00

LiquidTaeJa (TaeJa) - Winner!

  • Race: Terran Terran
  • League: Diamond
  • Spawn Location: 5:00

Event: HomeStory Cup XVIII

VOD

Have the link to the VOD?

Description

Time

  • Played on: Nov. 23, 2018, 5:08 p.m.
  • Length: 25:47

All games in this series

Show
View Real Time Build Order
Export as new Build Order

SortOf Zerg 

Build Orders: Hatch First 

Get SALT Encoding   

  12  0:00  Drone  
  13  0:12  Overlord  
  13  0:16  Drone  
  14  0:31  Drone x2  
  16  0:48  Hatchery  
  15  0:51  Drone  
  15  0:55  Drone  
  17  0:58  Drone  
  18  1:10  Extractor  
  17  1:14  Spawning Pool  
  17  1:17  Drone  
  17  1:20  Drone  
  18  1:30  Drone  
  19  1:40  Drone  
  19  1:46  Hatchery  
  19  1:50  Drone  
  20  2:00  Queen  
  22  2:02  Zergling x2  
  22  2:05  Zergling x2  
  24  2:15  Drone  
  25  2:16  Overlord  
  25  2:22  Drone x2  
  27  2:34  Queen  
  27  2:36  Metabolic Boost  
  29  2:38  Drone  
  29  2:41  Drone  
  31  2:47  Overlord  
  31  2:50  Drone  
  32  2:54  Drone x2  
  34  2:58  Queen  
  34  3:03  Overlord  
  36  3:06  Drone  
  36  3:10  Drone  
  38  3:15  Drone  
  38  3:17  Queen  
  38  3:18  Drone  
  41  3:21  Drone  
  41  3:24  Drone x2  
  41  3:25  Drone  
  45  3:30  Zergling x2  
  45  3:31  Zergling x4  
  48  3:37  Queen  
  48  3:40  Drone  
  51  3:41  Drone x2  
  53  3:53  Zergling x2  
  54  3:58  Drone x4  
  54  4:00  Extractor  
  54  4:02  Drone x2  
  58  4:05  Overlord x2  
  58  4:06  Overlord  
  58  4:17  Evolution Chamber  
  58  4:19  Queen, Evolution Chamber  
  58  4:21  Overlord  
  58  4:24  Spore Crawler  
  57  4:25  Drone  
  57  4:26  Drone x4  
  57  4:28  Drone  
  63  4:34  Drone  
  63  4:35  Drone  
  63  4:38  Spore Crawler x2  
  64  4:39  Drone  
  64  4:40  Drone x3  
  64  4:44  Lair  
  67  4:48  Drone x2  
  67  4:51  Zergling x4  
  70  4:56  Extractor, Zergling x8  
  70  4:58  Extractor  
  72  5:02  Drone x2  
  72  5:06  Zerg Ground Armor Level 1  
  74  5:10  Overlord  
  74  5:11  Drone x2  
  74  5:13  Drone  
  74  5:14  Drone  
  77  5:16  Drone x2  
  79  5:22  Drone x2  
  79  5:27  Extractor  
  79  5:28  Drone x2  
  82  5:29  Overlord  
  82  5:30  Extractor, Drone  
  82  5:32  Drone  
  83  5:39  Drone x3  
  83  5:42  Overseer  
  84  5:43  Queen  
  84  5:48  Drone  
  84  5:49  Drone  
  85  5:52  Drone x2  
  85  5:55  Drone x3  
  86  5:59  Drone x3  
  86  6:03  Hatchery  
  86  6:06  Drone x3, Baneling Nest  
  86  6:07  Zerg Melee Weapons Level 1  
  87  6:12  Overlord  
  87  6:13  Extractor, Drone x3  
  87  6:18  Overlord  
  88  6:25  Drone x2, Overlord  
  90  6:32  Hydralisk Den, Zergling x10  
  93  6:33  Hatchery  
  92  6:41  Overlord x2  
  92  6:42  Overlord  
  92  6:44  Zergling x6  
  95  6:48  Overseer  
  95  6:49  Centrifical Hooks  
  95  6:50  Baneling  
  95  6:51  Baneling x8  
  95  6:55  Zergling x8  
  99  7:02  Muscular Augments  
  99  7:03  Zergling x10  
  99  7:04  Zergling x2  
  105  7:09  Zerg Ground Armor Level 2  
  105  7:18  Zergling x14  
  109  7:33  Zergling x20  
  118  7:42  Zergling x12  
  122  7:49  Hydralisk  
  122  7:50  Hydralisk x3  
  129  7:51  Baneling x8  
  129  7:52  Baneling  
  126  8:04  Drone x4  
  126  8:07  Drone  
  127  8:12  Hydralisk  
  127  8:13  Hydralisk x4  
  127  8:19  Drone  
  139  8:20  Drone x2  
  139  8:25  Hydralisk x5  
  143  8:38  Grooved Spines  
  143  8:40  Infestation Pit  
  142  8:42  Zerg Melee Weapons Level 2  
  142  8:44  Baneling x4  
  141  8:53  Zergling x4  
  141  8:54  Zergling x26  
  137  9:07  Zergling x20  
  137  9:08  Zergling x2  
  129  9:13  Queen  
  129  9:14  Drone x2  
  133  9:18  Baneling x15  
  133  9:22  Hydralisk  
  133  9:23  Hydralisk, Zergling x2  
  138  9:32  Drone x3  
  138  9:34  Hive  
  138  9:35  Drone  
  138  9:36  Drone x2  
  144  9:39  Extractor  
  144  9:41  Zergling x2  
  144  9:42  Zergling x10  
  148  9:59  Hydralisk x4  
  156  10:04  Zergling x10  
  156  10:05  Zergling x2  
  157  10:07  Baneling  
  157  10:08  Baneling x4  
  157  10:10  Overlord  
  157  10:13  Overlord  
  157  10:18  Spore Crawler  
  157  10:19  Hatchery  
  155  10:21  Overlord  
  155  10:28  Overlord  
  155  10:30  Hydralisk x6  
  164  10:43  Hydralisk x9  
  177  10:53  Adrenal Glands  
  174  10:58  Extractor, Drone x5  
  174  10:59  Drone x2  
  174  11:00  Overlord  
  180  11:12  Overlord  
  180  11:17  Overlord  
  180  11:18  Overlord  
  180  11:24  Overlord  
  180  11:25  Overlord  
  180  11:30  Overlord, Zergling x4  
  180  11:31  Overlord  
  182  11:33  Zergling x12  
  182  11:36  Zerg Ground Armor Level 3, Zerg Melee Weapons Level 3  
  188  11:41  Viper x2, Spire  
  188  11:45  Zergling x16  
  196  11:50  Baneling x3  
  185  11:55  Zergling x16  
  185  12:00  Baneling x2  
  193  12:04  Zergling x2  
  193  12:08  Viper x2  
  195  12:12  Zergling x8  
  195  12:13  Zergling x4  
  191  12:22  Zergling x20  
  177  12:30  Baneling x11  
  177  12:33  Hydralisk x6  
  181  12:54  Zergling x18  
  175  13:01  Zergling x18  
  166  13:09  Zergling x18  
  166  13:12  Overseer x2  
  160  13:13  Zergling x2  
  160  13:14  Zergling x2  
  160  13:18  Zergling x4  
  157  13:20  Zergling x4  
  152  13:28  Viper x3  
  152  13:31  Pneumatized Carapace  
  150  13:34  Baneling x3  
  150  13:35  Baneling x6  
  150  13:39  Zergling x12  
  156  13:42  Greater Spire  
  156  13:47  Hydralisk x6  
  160  13:57  Zergling x10  
  157  14:05  Baneling x4  
  157  14:08  Hydralisk x6  
  157  14:09  Zergling x2  
  170  14:12  Extractor  
  170  14:16  Zerg Missile Weapons Level 1  
  169  14:19  Overseer  
  169  14:21  Baneling x6  
  169  14:23  Zergling x2  
  169  14:24  Zergling x20  
  176  14:33  Hatchery  
  174  14:40  Hydralisk x6, Zergling x2  
  174  14:41  Zergling x2  
  188  14:51  Viper x2  
  188  14:59  Baneling x2  
  185  15:00  Baneling x9  
  184  15:11  Hydralisk  
  184  15:12  Hydralisk x4, Zergling x12  
  182  15:23  Zergling x32  
  196  15:34  Zergling x12  
  196  15:35  Baneling x6  
  197  15:41  Zerg Flyer Weapons Level 1  
  185  15:51  Overseer  
  185  15:56  Unknown x2  
  172  15:59  Zergling x2  
  172  16:00  Zergling x12  
  176  16:07  Zergling x22  
  180  16:16  Overlord x3  
  177  16:20  Overlord  
  159  16:26  Overseer  
  159  16:29  Zergling x22  
  160  16:37  Corruptor x4  
  168  16:40  Hatchery  
  168  16:46  Hatchery  
  162  16:54  Baneling x2  
  159  17:00  Baneling x2  
  159  17:01  Baneling x2  
  154  17:11  Brood Lord x4  
  154  17:12  Corruptor x4  
  154  17:14  Baneling  
  168  17:22  Zergling x4  
  168  17:23  Zergling x14  
  174  17:35  Infestor x3  
  174  17:36  Infestor  
  182  17:37  Zerg Flyer Weapons Level 2  
  182  17:40  Drone x3  
  185  17:50  Brood Lord x2  
  187  17:52  Brood Lord  
  168  17:59  Drone  
  168  18:00  Drone x3  
  159  18:14  Brood Lord  
  159  18:16  Corruptor x2  
  159  18:19  Baneling  
  165  18:20  Overseer, Baneling x4  
  165  18:24  Zergling x8  
  167  18:27  Drone x2  
  168  18:40  Zergling x12, Baneling x5  
  169  18:44  Spore Crawler  
  165  18:56  Drone x2  
  165  18:57  Overseer, Drone x2  
  165  18:58  Zergling x2  
  170  19:13  Overlord  
  170  19:14  Overseer x2  
  170  19:15  Overseer  
  170  19:17  Hatchery  
  169  19:19  Zergling x10  
  170  19:30  Drone x6  
  162  19:44  Infestor x4  
  160  19:55  Corruptor x2  
  164  20:03  Zergling x2, Baneling x7  
  165  20:25  Hatchery  
  165  20:26  Corruptor x2  
  168  20:37  Baneling x3  
  168  20:38  Zergling x4  
  168  20:40  Zergling x2  
  168  20:41  Zergling x14  
  178  20:48  Zergling x2  
  179  20:52  Corruptor x2  
  183  21:06  Brood Lord x2  
  183  21:07  Infestor x2  
  191  21:23  Unknown x2  
  186  21:34  Hatchery  
  185  21:51  Zergling x2  
  185  21:52  Zergling x22  
  195  22:14  Corruptor x2  
  180  22:27  Infestor x2  
  173  22:30  Zergling x20  
  181  22:39  Baneling  
  181  22:40  Extractor  
  179  22:46  Overlord  
  179  22:50  Zergling x12  
  178  22:55  Extractor  
  178  22:57  Extractor  
  174  23:03  Infestor  
  176  23:15  Baneling x2  
  170  23:20  Zergling x26  
  164  23:33  Zergling x12  
  163  23:36  Baneling x3  
  162  23:46  Spore Crawler  
  161  23:49  Brood Lord  
  161  23:54  Overseer  
  163  23:58  Zergling x6  
  160  24:03  Zergling x2  
  160  24:08  Zergling x8  
  160  24:09  Zergling x2  
  143  24:23  Unknown x2  
  143  24:24  Unknown  
  129  24:28  Hydralisk x2  
  129  24:30  Hydralisk  
  120  24:39  Hydralisk  
  107  24:50  Hydralisk  
  91  25:03  Hydralisk  
  83  25:09  Hydralisk  
  82  25:22  Hydralisk  
Show
View Real Time Build Order
Export as new Build Order

LiquidTaeJa Terran - Winner!

Build Orders: Reaper Expand, Hellion Banshee 

Get SALT Encoding   

  12  0:00  SCV  
  13  0:12  SCV  
  14  0:17  Supply Depot  
  14  0:24  SCV  
  15  0:38  SCV  
  15  0:40  Barracks  
  16  0:44  Refinery  
  16  0:50  SCV  
  17  1:02  SCV  
  18  1:14  SCV  
  19  1:27  Reaper, Orbital Command  
  20  1:39  Command Center  
  20  1:48  Supply Depot  
  20  1:52  SCV  
  21  1:59  Marine  
  22  2:04  SCV  
  22  2:08  Factory  
  23  2:12  Refinery  
  23  2:16  SCV  
  23  2:22  Barracks Reactor  
  24  2:28  SCV  
  25  2:40  SCV  
  26  2:51  Orbital Command  
  26  2:54  SCV  
  26  2:55  Starport  
  27  3:01  Hellion x2  
  31  3:06  SCV, Barracks Tech Lab  
  32  3:17  SCV  
  32  3:18  SCV  
  34  3:23  Hellion x2  
  34  3:26  Supply Depot  
  38  3:29  SCV  
  38  3:30  SCV  
  40  3:38  Barracks Tech Lab  
  40  3:41  Cloaking Field, Banshee  
  40  3:43  SCV x2  
  45  3:49  Hellion x2  
  49  3:58  SCV x2  
  49  4:01  Marine  
  49  4:02  Stimpack  
  47  4:03  Supply Depot  
  47  4:10  SCV x2  
  49  4:19  Factory Reactor  
  49  4:22  SCV x2  
  51  4:24  Command Center  
  51  4:27  Banshee  
  54  4:34  Supply Depot  
  54  4:35  SCV x2  
  54  4:37  Marine  
  57  4:42  Engineering Bay x2  
  57  4:47  SCV x2  
  59  4:55  Supply Depot, Marine  
  60  5:01  SCV x2  
  62  5:10  Terran Infantry Weapons Level 1, Terran Infantry Armor Level 1  
  62  5:12  Factory Reactor, Barracks  
  62  5:13  SCV x2  
  64  5:16  Barracks  
  64  5:17  Refinery  
  64  5:18  Refinery  
  64  5:20  Marine  
  65  5:25  Starport Reactor, SCV x2  
  67  5:31  Supply Depot  
  67  5:38  Orbital Command, SCV x2  
  69  5:44  Marine  
  70  5:51  SCV x2  
  70  5:56  Widow Mine x2  
  76  6:00  Marine x2  
  76  6:02  Marine  
  79  6:05  Marine x2, Combat Shield  
  79  6:06  Barracks  
  79  6:07  Barracks  
  79  6:08  Orbital Command, SCV x2  
  79  6:10  Supply Depot  
  83  6:13  Supply Depot  
  83  6:18  Marine x2  
  84  6:20  Marine, SCV x2  
  84  6:22  Widow Mine x2  
  84  6:23  Marine x2  
  84  6:25  Medivac x2  
  98  6:32  SCV  
  99  6:34  SCV x2  
  99  6:36  Marine x2  
  103  6:41  Marine  
  103  6:44  SCV  
  103  6:46  Armory, SCV  
  106  6:47  Supply Depot, SCV  
  106  6:52  Supply Depot x2  
  106  6:54  Marine x2, Barracks Reactor x2  
  108  6:56  Medivac x2, SCV  
  108  6:58  SCV  
  108  6:59  SCV  
  108  7:01  Marine  
  117  7:09  Widow Mine x2, Marine x2, SCV  
  117  7:10  SCV  
  117  7:14  Refinery, SCV  
  126  7:16  Supply Depot  
  126  7:19  Marine x2  
  126  7:21  SCV  
  127  7:31  Marine x3, Marauder  
  127  7:35  Marine x3  
  127  7:37  Widow Mine x2, Unknown  
  136  7:38  Medivac x2  
  136  7:43  Factory  
  140  7:44  Marine  
  140  7:45  Marine  
  140  7:48  Marine  
  141  7:57  Marine x5, Marauder  
  148  8:00  Refinery  
  148  8:01  Command Center  
  148  8:07  Widow Mine x2  
  148  8:09  Terran Vehicle And Ship Armor Level 1  
  148  8:10  Supply Depot  
  148  8:11  Supply Depot  
  149  8:31  Marine x6  
  149  8:32  Marauder, Medivac x2, Marine x2, Terran Infantry Weapons Level 2  
  163  8:42  Terran Infantry Armor Level 2  
  163  8:46  Widow Mine  
  165  8:49  Marine  
  165  8:51  Widow Mine, Marine x2  
  165  8:57  Marine x3  
  165  8:58  Marine x2  
  165  8:59  Marauder  
  144  9:07  Marine  
  144  9:09  Marine x2  
  128  9:13  Widow Mine x2, Liberator x2  
  128  9:14  Marine x3  
  133  9:20  Marauder  
  133  9:21  Marine x2, Barracks  
  133  9:22  Barracks  
  133  9:23  Widow Mine, Barracks, Concussive Shells, Drilling Claws  
  139  9:25  Marine  
  146  9:31  Marine x2  
  146  9:32  Marine  
  146  9:36  Marine x2  
  146  9:38  Supply Depot x2  
  151  9:39  Marine  
  151  9:42  Marauder  
  151  9:54  Marine x3  
  151  9:56  Planetary Fortress  
  151  9:57  SCV x3  
  151  9:58  Liberator x2  
  157  10:02  Marine x2  
  157  10:03  Marine x3, Marauder  
  162  10:12  Marine x3, Barracks Tech Lab x3  
  165  10:16  Command Center  
  165  10:20  Marine  
  172  10:25  Marine x2, Marauder  
  172  10:35  Marine x3  
  170  10:38  Marine x3  
  176  10:43  Marine x2  
  176  10:46  Marauder  
  180  10:52  Supply Depot  
  180  10:53  Marine x3, Unknown x3  
  180  10:55  Unknown x2  
  180  10:56  Unknown x2  
  183  11:00  Marine x2  
  183  11:01  Marine x2  
  183  11:03  Terran Infantry Weapons Level 3, Terran Infantry Armor Level 3  
  183  11:04  Terran Vehicle And Ship Armor Level 2  
  187  11:07  Supply Depot  
  187  11:11  Widow Mine x3, Marauder, Command Center  
  195  11:13  Marine  
  195  11:14  Marine  
  197  11:26  Marine x3  
  200  11:45  Marine  
  200  11:52  Marine x3, Marauder  
  200  11:53  Marine x3  
  198  11:54  Marauder  
  200  12:13  Marine x4  
  200  12:14  Widow Mine  
  197  12:19  Marine  
  197  12:20  Marine, Marauder  
  197  12:22  Marine x4  
  190  12:24  Widow Mine x2  
  190  12:25  Marauder  
  193  12:31  Marine  
  193  12:32  Medivac x2  
  193  12:35  Widow Mine  
  199  12:40  Marine  
  199  12:41  Marauder  
  200  12:50  Marauder x2  
  196  12:52  Liberator  
  196  12:53  Liberator  
  196  12:54  Marine x4, Marauder  
  196  12:57  Widow Mine x2  
  177  12:59  Widow Mine  
  177  13:02  Marauder  
  177  13:03  Marine x4  
  160  13:11  Marine  
  160  13:12  Marauder, Marine x3  
  156  13:18  Marine, Marauder  
  156  13:19  Widow Mine x2  
  153  13:21  Widow Mine, Marine x3  
  153  13:24  Marine x2  
  153  13:25  Planetary Fortress  
  150  13:30  Marine, Marauder  
  142  13:34  Marine x2, Marauder  
  142  13:35  Marine  
  142  13:38  Refinery  
  142  13:39  Marine x3  
  142  13:40  Widow Mine x2, Marauder, Refinery  
  156  13:41  Command Center  
  156  13:42  Widow Mine  
  154  13:49  Marine, Sensor Tower  
  154  13:52  Medivac x2, Sensor Tower  
  154  13:53  Marine x2  
  160  14:00  Marine x3, Marauder  
  160  14:02  Widow Mine  
  161  14:04  Marine x3  
  164  14:13  Starport, Terran Vehicle And Ship Armor Level 3  
  164  14:14  Starport  
  164  14:15  Marine x4, Marauder  
  164  14:16  Fusion Core  
  170  14:18  Marine x2  
  170  14:21  Missile Turret  
  170  14:22  Medivac x2  
  176  14:25  Marine  
  171  14:31  Marine x2  
  174  14:38  Marauder x2  
  174  14:39  Marauder  
  174  14:41  Marine x4, Marauder  
  184  14:47  Marine x2  
  184  14:49  Marine  
  184  14:52  Widow Mine x2  
  191  14:56  Marine  
  191  14:57  Widow Mine  
  191  14:58  Marine  
  191  14:59  Marine x2, Marauder  
  199  15:05  Command Center  
  197  15:07  Marine, Marauder  
  197  15:12  Marauder  
  200  15:19  Marauder  
  200  15:21  Marauder  
  192  15:28  Marine x3  
  189  15:29  Marauder  
  189  15:31  Marine  
  189  15:34  Widow Mine, Marauder  
  181  15:50  Marine  
  181  15:51  Marine, Marauder x2  
  181  15:55  Widow Mine x2, Marine  
  181  15:56  Marauder  
  171  16:02  Marine x2, Marauder  
  171  16:03  Widow Mine  
  165  16:05  Marine x2  
  165  16:08  Marine x2  
  162  16:12  Marauder x2  
  162  16:17  Marine x2, Marauder  
  153  16:24  Marauder  
  153  16:25  Medivac x2  
  145  16:26  Starport Reactor, Starport Tech Lab  
  145  16:27  Marine x2  
  145  16:29  Marine x2  
  145  16:31  Widow Mine x3  
  144  16:34  Marauder x2  
  144  16:36  Marine x4  
  144  16:39  Marauder  
  154  16:47  Marine x4, Marauder  
  145  16:52  Widow Mine x2  
  145  16:54  Widow Mine, Marine x4  
  147  16:55  Marine, Marauder  
  147  16:56  Medivac x2  
  147  17:01  Marine  
  160  17:04  Marine x2, Sensor Tower  
  163  17:10  Marine  
  163  17:11  Marine x2, Marauder  
  163  17:12  Marine  
  163  17:13  Marauder  
  171  17:26  Marine x3  
  171  17:27  Marauder  
  171  17:28  Widow Mine x2  
  180  17:33  Widow Mine  
  180  17:34  Marine x2, Marauder x2  
  186  17:39  Viking x2  
  186  17:40  Missile Turret  
  186  17:41  Medivac  
  192  17:49  Widow Mine  
  192  18:00  Marine  
  192  18:01  Marine x2, Marauder x2  
  192  18:03  Viking  
  188  18:07  Marine x3  
  188  18:11  Viking  
  191  18:15  Marine x3  
  191  18:16  Marauder  
  191  18:18  Marine  
  191  18:19  Viking  
  199  18:24  Marine  
  200  18:31  Command Center  
  200  18:33  Viking  
  199  18:39  Marauder  
  200  18:44  Ghost Academy  
  197  19:00  Viking  
  197  19:01  Advanced Ballistics  
  197  19:02  Terran Ship Weapons Level 1  
  184  19:25  Ghost x2  
  184  19:26  Ghost x2  
  184  19:30  Personal Cloaking  
  184  19:31  Marine  
  191  19:37  Marine x5  
  191  19:38  Marine  
  167  19:49  Planetary Fortress  
  167  19:51  Planetary Fortress  
  167  19:52  Marine x2  
  165  20:00  Ghost x4  
  171  20:09  Missile Turret  
  171  20:11  Marine x5  
  176  20:19  Marine x2  
  178  20:23  Unknown x4  
  178  20:26  Marine  
  169  20:28  Marine  
  169  20:29  Ghost x2  
  169  20:30  Ghost x2, Unknown x2  
  175  20:38  Unknown x2  
  175  20:46  SCV  
  175  20:47  SCV  
  175  20:48  Refinery, SCV x2  
  175  20:49  Refinery  
  179  20:50  Unknown  
  179  20:53  Raven  
  179  20:54  Missile Turret  
  177  20:58  Ghost x2  
  177  20:59  Ghost  
  177  21:25  Ghost  
  168  21:26  Marine x4  
  168  21:27  Ghost, Viking  
  168  21:29  Refinery  
  155  21:35  Marine  
  155  21:36  Marine x2  
  158  21:45  Command Center  
  156  21:48  Ghost  
  156  21:50  Marine x2  
  158  21:55  Marine x2, Marauder  
  158  21:58  Nuke  
  162  22:06  Marine  
  162  22:07  Marine x2  
  161  22:14  Liberator  
  156  22:16  Marauder  
  156  22:20  Marine x3  
  161  22:27  Marine x2  
  161  22:29  Marine x4, Marauder x2  
  165  22:36  Command Center  
  168  22:37  Marine  
  168  22:38  Marine  
  170  22:45  Marine x3  
  170  22:48  Marine x3, Marauder  
  170  22:50  Viking x2, Medivac x2  
  170  22:51  Marauder  
  188  22:57  Liberator  
  188  23:02  Liberator  
  188  23:04  Marine x2  
  187  23:27  Liberator x2  
  187  23:32  Marine x3  
  187  23:33  Marauder x2  
  182  23:34  Marine x2, Marauder  
  182  23:35  Marauder  
  182  23:40  Marine  
  182  23:41  Marine  
  194  23:50  Liberator  
  194  23:55  Command Center  
  193  24:19  Marauder x2  
  193  24:22  Marauder x2  
  170  24:25  Marine x3  
  170  24:26  Marine x2  
  150  24:34  Marine  
  150  24:35  Marine x2  
  150  24:37  Viking x3  
  138  24:40  Marauder x2  
  138  24:43  Marine x4  
  138  24:44  Marauder x2  
  131  24:46  Marine  
  131  24:48  Viking, Unknown x4  
  131  24:52  Marine  
  122  24:55  Marine x2  
  117  25:01  Marine x3, Marauder x2  
  117  25:05  Marauder x2  
  117  25:06  Marine x2  
  121  25:08  Planetary Fortress  
  121  25:10  Marine  
  117  25:20  Marine x4  
  119  25:21  Marine  
  119  25:23  Marauder x2  
  119  25:24  Marine  
  119  25:26  Marine x3  
  119  25:28  Marine  
  111  25:40  Unknown x2  
Tags
 
Add a new tag
Caveats
  • Supply blocks, unpowered buildings, or Contaminate may cause inaccurate times.
  • Supply counts are checked every 10 seconds.